 Dungeon Crawl Stone Soup version 0.29-a0-986-gdf0a18e73c (console) character file.

Game seed: 3096585865915122431

520 Ignak the Magician (level 7, -2/51 HPs)
             Began as a Gnoll Hedge Wizard on Aug 2, 2022.
             Slain by a scorpion (6 damage)
             ... on level 5 of the Dungeon.
             The game lasted 00:15:29 (5751 turns).

Ignak the Magician (Gnoll Hedge Wizard)             Turns: 5751, Time: 00:15:30

Health: -2/51      AC:  2    Str:  9    XL:     7   Next: 21%
Magic:  17/18      EV: 13    Int: 19    God:
Gold:   217        SH:  0    Dex: 10    Spells: 7/21 levels left

rFire   + . .      SeeInvis .   a - +0 war axe (vorpal)
rCold   . . .      Faith    .   (no shield)
rNeg    . . .      Spirit   .   g - +0 robe
rPois   .          Reflect  .   (helmet currently unavailable)
rElec   .          Harm     .   (no cloak)
rCorr   .          Rampage  .   (no gloves)
Will    +....                   (boots currently unavailable)
Stlth   +++.......              (no amulet)
HPRegen 0.17/turn               i - ring of protection from fire
MPRegen 0.16/turn               u - ring of willpower

@: lethally poisoned (-2 -> -24), appendages
A: horns 2, talons 2, fangs 1, strong nose, distributed training, clever 1,
MP-powered wands
a: End Transformation


You were on level 5 of the Dungeon.
You had temporarily grown beastly horns and talons.
You visited 1 branch of the dungeon, and saw 5 of its levels.
You also visited: Sewer.

You collected 217 gold pieces.

Inventory:

Hand Weapons
 a - a +0 vorpal war axe (weapon)
 b - a -1 dagger of holy wrath
Missiles
 o - 6 atropa-tipped darts (quivered)
 r - a throwing net
 t - 11 poisoned darts
Armour
 c - a +1 hat (melded)
 g - a +0 robe (worn)
Magical Staves
 k - a staff of fire
Jewellery
 i - a ring of protection from fire (left hand)
 u - a ring of willpower (right hand)
Scrolls
 l - 4 scrolls of teleportation
 m - 3 scrolls of enchant armour
 n - a scroll of identify
 v - a scroll of vulnerability {unknown}
Potions
 d - 4 potions of magic
 e - a potion of resistance
 f - 3 potions of flight
 h - 6 potions of curing
 s - 2 potions of invisibility


   Skills:
 + Level 2.4 Fighting
 + Level 2.4 Short Blades
 + Level 2.4 Long Blades
 + Level 2.4 Axes
 + Level 2.4 Maces & Flails
 + Level 2.4 Polearms
 + Level 2.4 Staves
 + Level 2.4 Ranged Weapons
 + Level 2.4 Throwing
 + Level 2.4 Armour
 + Level 5.2 Dodging
 + Level 4.9 Stealth
 + Level 2.4 Shields
 + Level 2.4 Unarmed Combat
 + Level 7.6 Spellcasting
 + Level 2.9 Conjurations
 + Level 2.0 Hexes
 + Level 2.9 Summonings
 + Level 2.0 Necromancy
 + Level 2.9 Translocations
 + Level 2.0 Transmutations
 + Level 2.0 Fire Magic
 + Level 2.0 Ice Magic
 + Level 2.0 Air Magic
 + Level 2.0 Earth Magic
 + Level 2.0 Poison Magic
 + Level 2.7 Invocations
 + Level 2.4 Evocations


You had 7 spell levels left.
You knew the following spells:

 Your Spells              Type           Power      Damage    Failure   Level
a - Magic Dart            Conj           72%        1d6       2%          1
b - Blink                 Tloc           36%        N/A       4%          2
c - Wereblood             Tmut           14%        N/A       6%          2
d - Mephitic Cloud        Conj/Pois/Air  16%        N/A       11%         3
e - Call Imp              Summ           18%        N/A       4%          2
r - Spider Form           Tmut/Pois      14%        N/A       13%         3
z - Beastly Appendage     Tmut           28%        N/A       4%          1

Your spell library contained the following spells:

 Spells                   Type           Power      Damage    Failure   Level
 Slow                     Hex            56%        N/A       4%          1
 Conjure Flame            Conj/Fire      16%        6-21      11%         3


Dungeon Overview and Level Annotations

Branches:
Dungeon (5/15)              Sewer (visited)
 Temple: D:4-7

Altars:
Cheibriados

Shops:
D:1 (


Innate Abilities, Weirdness & Mutations

You have temporarily grown beastly horns and talons.
You have very sharp teeth.
Your uncanny sense of smell can sniff out nearby items.
Your experience applies equally to all skills.
Your mind is acute. (Int +4, Str/Dex -1)
You expend magic power (3 MP) to strengthen your wands.


Message History

The scorpion stings you but does no damage.
You barely miss the scorpion. Your kick misses the scorpion.
You headbutt the scorpion.
The scorpion is moderately wounded.
The scorpion stings you.
You are poisoned.
The scorpion poisons you! The scorpion stings you.
You closely miss the scorpion. Your kick misses the scorpion.
The scorpion is moderately wounded.
You feel very sick. The scorpion stings you.
You are more poisoned.
The scorpion poisons you!
The scorpion stings you but does no damage.
You hit the scorpion. You claw the scorpion. Your bite misses the scorpion.
The scorpion is severely wounded.
You feel very sick. The scorpion completely misses you.
You hit the scorpion. Your kick misses the scorpion.
You bite the scorpion, but do no damage.
The scorpion is almost dead.
You feel very sick. The scorpion stings you.
* * * LOW HITPOINT WARNING * * *
You are lethally poisoned!
The scorpion poisons you! The scorpion stings you.
* * * LOW HITPOINT WARNING * * *
You are more poisoned.
The scorpion poisons you!
Casting: Beastly Appendage (safe; 4% risk of failure)
Confirm with . or Enter, or press ? or * to list all spells.
Aiming: Magic Dart (safe; 2% risk of failure)
Press: ? - help, Shift-Dir - straight line, f - scorpion
Aim: a scorpion (almost dead, 100% to hit)
The magic dart hits the scorpion but does no damage.
The scorpion is almost dead.
* * * LOW HITPOINT WARNING * * *
You feel extremely sick. The scorpion stings you.
You die...

# #. ##. #. ..... #.
......#.
........###########
.............o.)))#
......###########)#
>.....#<......[##.#
.......@..####†##.######
##....#s#.....!.).......
#.#......####.##.######
#....#.#.# #.##.#
##.#.....# #.##..
...###.### #.##### ##
#.# #.# #.. ..# ###


You could see a scorpion.

Vanquished Creatures
  A black bear (D:5)
  An ogre (D:4)
  2 hounds
  2 orc wizards (D:5)
  4 gnolls (D:4)
  6 adders
  4 worms
  5 dart slugs
  12 orcs
  4 bats
  9 endoplasms
  4 giant cockroaches
  8 goblins
  2 hobgoblins
  5 kobolds
  4 quokkas
  7 ball pythons
  7 frilled lizards
  3 rats
90 creatures vanquished.

Vanquished Creatures (collateral kills)
  An adder (Sewer)
  A worm (D:3)
  An endoplasm (D:1)
  3 frilled lizards (Sewer)
  A rat (D:1)
7 creatures vanquished.

Grand Total: 97 creatures vanquished

Notes
Turn   | Place    | Note
-------+----------+-------------------------------------------
     0 | D:1      | Ignak the Gnoll Hedge Wizard began the quest for the Orb.
     0 | D:1      | Reached XP level 1. HP: 13/13 MP: 8/8
   252 | D:1      | Found a faded altar of an unknown god.
   265 | D:1      | Reached XP level 2. HP: 18/19 MP: 10/10
   324 | D:1      | Learned a level 1 spell: Beastly Appendage
   367 | D:1      | Learned a level 2 spell: Blink
   370 | D:1      | Learned a level 2 spell: Wereblood
   373 | D:1      | Learned a level 2 spell: Call Imp
  1035 | D:1      | Found Leweabag's Weapon Shoppe.
  1141 | D:2      | Reached XP level 3. HP: 21/25 MP: 11/11
  1226 | D:3      | Learned a level 3 spell: Mephitic Cloud
  1409 | D:3      | Reached skill level 1 in Invocations
  1535 | D:3      | Reached skill level 1 in Fighting
  1535 | D:3      | Reached skill level 1 in Short Blades
  1535 | D:3      | Reached skill level 1 in Long Blades
  1535 | D:3      | Reached skill level 1 in Axes
  1535 | D:3      | Reached skill level 1 in Maces & Flails
  1535 | D:3      | Reached skill level 1 in Polearms
  1535 | D:3      | Reached skill level 1 in Staves
  1535 | D:3      | Reached skill level 1 in Ranged Weapons
  1535 | D:3      | Reached skill level 1 in Throwing
  1535 | D:3      | Reached skill level 1 in Armour
  1535 | D:3      | Reached skill level 1 in Shields
  1535 | D:3      | Reached skill level 1 in Unarmed Combat
  1535 | D:3      | Reached skill level 1 in Evocations
  1604 | D:3      | Found a glowing drain.
  1614 | Sewer    | Entered a sewer
  1655 | Sewer    | Reached XP level 4. HP: 10/32 MP: 5/13
  1920 | Sewer    | Learned a level 3 spell: Spider Form
  2259 | D:3      | Reached skill level 1 in Hexes
  2259 | D:3      | Reached skill level 1 in Necromancy
  2259 | D:3      | Reached skill level 1 in Transmutations
  2259 | D:3      | Reached skill level 1 in Fire Magic
  2259 | D:3      | Reached skill level 1 in Ice Magic
  2259 | D:3      | Reached skill level 1 in Air Magic
  2259 | D:3      | Reached skill level 1 in Earth Magic
  2259 | D:3      | Reached skill level 1 in Poison Magic
  3746 | D:3      | Reached XP level 5. HP: 35/37 MP: 14/14
  4635 | D:4      | Found a snail-covered altar of Cheibriados.
  5008 | D:4      | Reached XP level 6. HP: 24/44 MP: 16/16
  5175 | D:4      | Gained mutation: You expend magic power (3 MP) to
                  | strengthen your wands. [potion of mutation]
  5175 | D:4      | Gained mutation: Your mind is acute. (Int +4, Str/Dex -1)
                  | [potion of mutation]
  5319 | D:4      | Reached skill level 5 in Dodging
  5492 | D:5      | Entered Level 5 of the Dungeon
  5525 | D:5      | Noticed a black bear
  5561 | D:5      | Killed a black bear
  5562 | D:5      | Reached XP level 7. HP: 21/51 MP: 2/18
  5751 | D:5      | Slain by a scorpion

Illustrated notes

Levels and vault maps discovered:
D:1:      minmay_arrival_loop, layout_basic, serial_shops,
          nicolae_shop_behind_doors, ebering_ecumenical_altar_rust
D:2:      minmay_general_purpose_star, layout_basic
D:3:      layout_loops_cross, cheibrodos_sewer_entry_bend, nicolae_titane
D:4:      layout_cave_pools, kennysheep_slug_shrine
D:5:      layout_loops_ring, nicolae_dithmenos_the_darkroom,
          minmay_temple_entry_stoned_glass

Skill      XL: |  1  2  3  4  5  6  7 |
---------------+----------------------+-----
Conjurations   | 2 |  2.9
Summonings     | 2 |  2.9
Translocations | 2 |  2.9
Invocations    | 1 2 |  2.7
Fighting       | 1 2 |  2.4
Short Blades   | 1 2 |  2.4
Long Blades    | 1 2 |  2.4
Axes           | 1 2 |  2.4
Maces & Flails | 1 2 |  2.4
Polearms       | 1 2 |  2.4
Staves         | 1 2 |  2.4
Ranged Weapons | 1 2 |  2.4
Throwing       | 1 2 |  2.4
Armour         | 1 2 |  2.4
Shields        | 1 2 |  2.4
Unarmed Combat | 1 2 |  2.4
Evocations     | 1 2 |  2.4
Hexes          | 1 2 |  2.0
Necromancy     | 1 2 |  2.0
Transmutations | 1 2 |  2.0
Fire Magic     | 1 2 |  2.0
Ice Magic      | 1 2 |  2.0
Air Magic      | 1 2 |  2.0
Earth Magic    | 1 2 |  2.0
Poison Magic   | 1 2 |  2.0
Dodging        | 5 |  5.2
Stealth        | |  4.9
Spellcasting   | |  7.6

Action                   |  1- 3 |  4- 6 |  7- 9 || total
-------------------------+-------+-------+-------++-------
Melee: Dagger            |    57 |    15 |       ||    72
       Bite              |     6 |    11 |     2 ||    19
       Unarmed           |       |    25 |       ||    25
       Morningstar       |       |    15 |       ||    15
       War axe           |       |   103 |    16 ||   119
       Headbutt          |       |     8 |     2 ||    10
       Kick              |       |    11 |     5 ||    16
       Punch             |       |     1 |       ||     1
 Cast: Magic Dart        |    25 |     1 |     1 ||    27
       Call Imp          |     6 |     6 |       ||    12
       Blink             |     3 |     1 |       ||     4
       Beastly Appendage |     1 |    16 |     2 ||    19
       Spider Form       |       |     5 |       ||     5
       Wereblood         |       |     7 |       ||     7
       Mephitic Cloud    |       |     6 |     1 ||     7
  Use: Scroll            |     2 |     2 |       ||     4
       Potion            |     1 |     7 |     1 ||     9
 Stab: Sleeping          |     7 |     4 |       ||    11
       Confused          |       |     1 |       ||     1
Armor: Robe              |    15 |    22 |     8 ||    45
Dodge: Dodged            |    47 |   133 |     7 ||   187

Table legend: (Time is in decaauts)
 A = Elapsed time spent in this place.
 B = Non-inter-level travel time spent in this place.
 C = Inter-level travel time spent in this place.
 D = Time resting spent in this place.
 E = Time spent auto-exploring this place.
 F = Levels seen in this place.
 G = Mean time per level.
                   A        B        C        D        E       F      G
               +--------+--------+--------+--------+--------+-----+--------+
         Total |   5883 |   5674 |    209 |   1161 |   2707 |   6 |  980.5 |
       Dungeon |   5196 |   4987 |    209 |    905 |   2607 |   5 | 1039.2 |
         Sewer |    687 |    687 |      0 |    256 |    100 |   1 |  687.0 |
               +--------+--------+--------+--------+--------+-----+--------+

Top non-repeatable levels by time:
     D:3: 1689 daAuts
     D:2: 1188 daAuts
     D:1: 1120 daAuts
     D:4: 1050 daAuts
   Sewer: 687 daAuts
     D:5: 147 daAuts
